 Dungeon Crawl Stone Soup version 0.30-a0-595-g91969c0fa5 (webtiles) character file.

Game seed: 15229504829326252174

9548 Leeroy the Martial Artist (level 11, -15/70 HPs)
             Began as a Merfolk Transmuter on Jan 6, 2023.
             Was a Believer of Wu Jian.
             Demolished by a two-headed ogre
             ... wielding a +0 giant club
              (21 damage)
             ... on level 11 of the Dungeon.
             The game lasted 00:36:08 (14302 turns).

Leeroy the Martial Artist (Merfolk Transmuter)     Turns: 14302, Time: 00:36:09

Health: -15/70     AC:  2    Str: 10    XL:     11   Next: 48%
Magic:  15/18      EV: 25    Int: 17    God:    Wu Jian [**....]
Gold:   268        SH:  0    Dex: 20    Spells: 1/20 levels left

rFire   . . .      SeeInvis .      - Unarmed
rCold   . . .      Faith    .    (shield currently unavailable)
rNeg    . . .      Spirit   .    (body armour currently unavailable)
rPois   x          Reflect  .    (helmet currently unavailable)
rElec   .          Harm     .    (cloak currently unavailable)
rCorr   .          Rampage  .    (gloves currently unavailable)
Will    .....                    (boots currently unavailable)
Stlth   ++                       (no amulet)
HPRegen 0.31/turn                (no ring)
MPRegen 0.16/turn                (no ring)

@: about to teleport, spider-form
A: venomous fangs, tiny, (nimble swimmer 2), (mertail)
a: End Transformation, Renounce Religion, Wall Jump


You were on level 11 of the Dungeon.
You worshipped Wu Jian.
Wu Jian was pleased with you.
You were a venomous arachnid creature.
You visited 2 branches of the dungeon, and saw 12 of its levels.

You collected 657 gold pieces.
You spent 389 gold pieces at shops.

Inventory:

Hand Weapons
 x - a +4 quarterstaff of chaos
 z - a +0 hammer
 J - a +2 dagger of flaming
 U - a +1 short sword of holy wrath
 V - a +2 halberd of flaming
Missiles
 n - 3 curare-tipped darts
 q - 11 poisoned darts
 v - 5 javelins
 M - a throwing net
Armour
 a - a +0 robe
 c - a +0 cloak (melded)
 h - a +0 pair of gloves
 y - a +0 cloak
 D - the +0 ring mail "Ettutit" {rN++}
   (You found it on level 5 of the Dungeon)

   rN:        It greatly protects you from negative energy.
 F - an orb of wrath
 H - a +1 pair of boots (melded)
 Q - a +1 helmet (melded)
 R - a +2 robe of willpower (melded)
 W - +0 acid dragon scales
Jewellery
 m - a ring of flight
Wands
 C - a wand of flame (48) (quivered)
 E - a wand of digging (4)
 N - a wand of paralysis (9)
 P - a wand of roots (6)
Scrolls
 d - 13 scrolls of identify {unknown}
 g - 4 scrolls of teleportation
 i - 2 scrolls of magic mapping {unknown}
 k - 7 scrolls of immolation {unknown}
 l - 4 scrolls of fog {unknown}
 r - a scroll of enchant weapon {unknown}
 t - 5 scrolls of vulnerability {unknown}
 B - 3 scrolls of enchant armour {unknown}
 G - a scroll of acquirement {unknown}
 L - a scroll of fear {unknown}
 O - a scroll of brand weapon {unknown}
 S - a scroll of amnesia {unknown}
 T - a scroll of noise {unknown}
Potions
 b - 3 potions of lignification
 e - 2 potions of attraction {unknown}
 f - 2 potions of brilliance
 j - 3 potions of resistance {unknown}
 o - 7 potions of curing
 p - a potion of ambrosia {unknown}
 s - a potion of degeneration {unknown}
 u - a potion of flight {unknown}
 w - a potion of haste {unknown}
 A - a potion of mutation {unknown}
 I - a potion of heal wounds {unknown}
 K - 3 potions of cancellation {unknown}


   Skills:
 + Level 1.1 Fighting
 - Level 7.1 Dodging
 - Level 14.4 Unarmed Combat
 - Level 5.2 Spellcasting
 - Level 12.6 Transmutations
 - Level 0.3 Poison Magic


You had one spell level left.
You knew the following spells:

 Your Spells              Type           Power      Damage    Failure   Level
a - Beastly Appendage     Tmut           94%        N/A       1%          1
b - Spider Form           Tmut/Pois      26%        N/A       11%         3
c - Ice Form              Ice/Tmut       25%        N/A       26%         4
d - Statue Form           Tmut/Erth      16%        N/A       95%         6
e - Blade Hands           Tmut           23%        N/A       9%          5

Your spell library contained the following spells:

 Spells                   Type           Power      Damage    Failure   Level
 Magic Dart               Conj           16%        1d3       32%         1
 Slow                     Hex            16%        N/A       32%         1
 Wereblood                Tmut           47%        N/A       1%          2
 Petrify                  Tmut/Erth      25%        N/A       26%         4
 Call Imp                 Summ           4%         N/A       43%         2
 Sublimation of Blood     Necr           4%         N/A       43%         2
 Irradiate                Conj/Tmut      12%        3d15      50%         5
 Confusing Touch          Hex            4%         N/A       61%         3
 Kindle Blastsparks       Fire/Tloc/Air  8%         2d10      61%         3
 Mephitic Cloud           Conj/Pois/Air  4%         N/A       61%         3
 Vampiric Draining        Necr           4%         2d6       61%         3
 Animate Armour           Summ/Erth      8%         N/A       92%         4
 Fulminant Prism          Conj/Hex       2%         3d5       92%         4
 Iskenderun's Mystic Bla  Conj/Tloc      4%         2d3       92%         4
 Leda's Liquefaction      Hex/Erth       2%         N/A       92%         4
 Lee's Rapid Deconstruct  Erth           2%         3d4*      99%         5
 Iron Shot                Conj/Erth      2%         9d2       100%        6


Dungeon Overview and Level Annotations

Branches:
Dungeon (11/15)            Temple (1/1) D:6
   Lair: D:8-11         Orc: D:9-12

Altars:
Ashenzari
Cheibriados
Dithmenos
Elyvilon
Fedhas
Gozag
Hepliaklqana
Kikubaaqudgha
Makhleb
Nemelex Xobeh
Okawaru
Qazlal
Ru
Sif Muna
Trog
Uskayaw
Vehumet
Wu Jian
Xom
Yredelemnul
Zin
The Shining One

Shops:
D:2 (   D:3 (!   D:10 *

Annotations:
D:9 2 transporters, caveywoolpert's ghost, journeyman DEEE


Innate Abilities, Weirdness & Mutations

You are a venomous arachnid creature.
You have poisonous fangs.
You are tiny and dextrous.
Your spellcasting is less reliable in this form.
Your armour is entirely melded.
You are incapable of wielding weapons or throwing items.
((You are very nimble when in or above water. (Stealth+, EV+, Speed+++)))
((Your lower body shifts to a powerful aquatic tail in water.))


Message History

Your +1 pair of boots unmelds from your body.
Your legs become a tail as you enter the water.
Your +1 pair of boots melds into your body.
Your +1 pair of boots unmelds from your body.
Your legs become a tail as you enter the water.
Your +1 pair of boots melds into your body.
Your +1 pair of boots unmelds from your body.
Your legs become a tail as you enter the water.
Your +1 pair of boots melds into your body.
Your +1 pair of boots unmelds from your body.
Your legs become a tail as you enter the water.
Your +1 pair of boots melds into your body.
Your +1 pair of boots unmelds from your body.
There is an escape hatch in the floor here.
There is a stone staircase leading down here.
Okay, then.
You climb downwards.
The two-headed ogre hits you with a +0 giant club!
The two-headed ogre hits you with a +0 giant club!!
The wyvern hisses angrily.
There is a stone staircase leading up, spattered with blood here.
Okay, then.
Okay, then.
The two-headed ogre attacks as you move away!
The two-headed ogre hits you with a +0 giant club!
* * * LOW HITPOINT WARNING * * *
The two-headed ogre hits you with a +0 giant club!
* * * LOW HITPOINT WARNING * * *
As you read the scroll of teleportation, it crumbles to dust.
You feel strangely unstable.
Okay, then.
Casting: Blade Hands (dangerous; 2% risk of failure)
Confirm with . or Enter, or press ? or * to list all spells.
You turn into a venomous arachnid creature.
Your +0 cloak melds into your body.
Your +1 helmet melds into your body.
Your +1 pair of boots melds into your body.
Your +2 robe of willpower melds into your body.
You feel less strong-willed.
The two-headed ogre hits you with a +0 giant club!!
You die...

## .. ###. ###
... #.#..
##.###.... #....
##.......# .
#..##..s..###
...#......O....#
..........l##..#
#.#...<....# #.#
................#
...#............
.. #..#..........
##......#.....
......##.....


You could see a two-headed ogre and a wyvern.

Vanquished Creatures
  3 two-headed ogres
  A wizard (D:10)
  Maggie (D:8)
  Sigmund (D:2)
  A shadow (D:8)
  21 yaks
  A wyvern (D:9)
  Grum (D:9)
  2 ice beasts
  3 orc warriors
  A black bear (D:6)
  A sky beast (D:6)
  3 ogres
  3 wolves
  2 centaurs
  2 phantoms (D:6)
  A kobold brigand (D:8)
  2 necrophages (D:6)
  4 bullfrogs
  A gnoll sergeant (D:9)
  2 scorpions
  4 killer bees (D:9)
  6 howler monkeys
  An electric eel (D:10)
  3 orc priests
  Crazy Yiuf (D:2)
  2 hounds (D:6)
  4 jellies
  A gnoll bouda (D:4)
  4 iguanas
  9 orc wizards
  11 gnolls
  2 adders
  A shadow imp (D:8)
  A white imp (D:8)
  2 ufetubi (D:5)
  3 worms
  A dart slug (D:1)
  33 orcs
  10 ball pythons
  6 endoplasms
  3 giant cockroaches
  9 goblins
  4 hobgoblins
  2 jackals (D:2)
  12 kobolds
  3 quokkas
  3 frilled lizards (D:1)
  4 rats
202 creatures vanquished.

Vanquished Creatures (others)
  5 toadstools (D:1)
5 creatures vanquished.

Grand Total: 207 creatures vanquished

Notes
Turn   | Place    | Note
-------+----------+-------------------------------------------
     0 | D:1      | Leeroy the Merfolk Transmuter began the quest for the Orb.
     0 | D:1      | Reached XP level 1. HP: 15/15 MP: 3/3
    53 | D:1      | Reached skill level 4 in Unarmed Combat
    53 | D:1      | Reached XP level 2. HP: 21/21 MP: 3/5
   555 | D:1      | Reached XP level 3. HP: 19/26 MP: 6/6
   831 | D:2      | Noticed Sigmund
   923 | D:2      | Found Ukoyschysk's Antique Weapon Emporium.
   932 | D:2      | Learned a level 3 spell: Spider Form
  1172 | D:2      | Reached skill level 5 in Unarmed Combat
  1194 | D:2      | You fall into a shaft and drop 1 floor!
  1229 | D:3      | Found Cumpyah's Distillery.
  1352 | D:3      | Bought a potion of berserk rage for 50 gold pieces
  1352 | D:3      | Bought a potion of curing for 30 gold pieces
  1352 | D:3      | Bought a potion of curing for 30 gold pieces
  1424 | D:3      | Reached XP level 4. HP: 32/32 MP: 7/7
  1690 | D:3      | Found Lujaocima's Weapon Emporium.
  2692 | D:3      | Reached skill level 6 in Unarmed Combat
  2696 | D:4      | Reached XP level 5. HP: 34/37 MP: 4/8
  3193 | D:4      | Learned a level 4 spell: Ice Form
  3509 | D:2      | Killed Sigmund
  3510 | D:2      | Reached skill level 7 in Unarmed Combat
  3510 | D:2      | Reached XP level 6. HP: 17/43 MP: 2/9
  3628 | D:2      | Found a faded altar of an unknown god.
  3752 | D:2      | Found a runed translucent door.
  3753 | D:2      | Noticed Crazy Yiuf
  3763 | D:2      | Killed Crazy Yiuf
  3878 | D:5      | Entered Level 5 of the Dungeon
  4134 | D:5      | Noticed a yak
  4137 | D:5      | Noticed a yak
  4167 | D:5      | Killed a yak
  4168 | D:5      | Reached skill level 8 in Unarmed Combat
  4168 | D:5      | Reached XP level 7. HP: 48/48 MP: 4/10
  4554 | D:5      | Noticed a yak
  4554 | D:5      | Noticed a yak
  4757 | D:5      | Identified the +0 ring mail "Ettutit" {rN++}
  5075 | D:5      | Noticed a yak
  5127 | D:5      | Killed a yak
  5128 | D:5      | Reached skill level 9 in Unarmed Combat
  5562 | D:5      | Noticed a yak
  5567 | D:5      | Killed a yak
  5568 | D:5      | Reached skill level 5 in Transmutations
  5568 | D:5      | Reached XP level 8. HP: 31/54 MP: 5/11
  5813 | D:4      | Killed a yak
  5814 | D:4      | Reached skill level 10 in Unarmed Combat
  5961 | D:5      | Killed a yak
  5968 | D:5      | Killed a yak
  6326 | D:6      | Noticed a two-headed ogre
  6593 | D:6      | Reached XP level 9. HP: 59/59 MP: 11/14
  6812 | D:6      | Found a staircase to the Ecumenical Temple.
  6910 | Temple   | Entered the Ecumenical Temple
  6942 | Temple   | Became a worshipper of the Wu Jian Council
  7546 | D:6      | Reached skill level 5 in Spellcasting
  7710 | D:7      | Learned a level 6 spell: Statue Form
  8392 | D:7      | Reached * piety under Wu Jian
  8606 | D:7      | Reached skill level 10 in Transmutations
  8636 | D:7      | Reached XP level 10. HP: 65/65 MP: 17/17
  8697 | D:8      | Noticed Maggie
  8934 | D:8      | Found a blossoming altar of Fedhas.
  8977 | D:8      | Found a shimmering altar of Xom.
  8981 | D:8      | Found a basalt altar of Yredelemnul.
  9307 | D:9      | Noticed Grum
  9370 | D:9      | Killed Grum
  9464 | D:9      | Noticed a moth of wrath
  9464 | D:9      | Noticed caveywoolpert's ghost (journeyman DEEE)
  9465 | D:9      | Found a bloodstained altar of Trog.
  9474 | D:9      | Noticed a two-headed ogre
  9492 | D:9      | Reached skill level 11 in Unarmed Combat
  9917 | D:9      | Reached ** piety under Wu Jian
 10323 | D:10     | Entered Level 10 of the Dungeon
 10707 | D:10     | Noticed a two-headed ogre
 10767 | D:10     | Found Wyaczal's Assorted Antiques.
 10785 | D:10     | Bought a potion of lignification for 93 gold pieces
 10785 | D:10     | Bought a potion of curing for 93 gold pieces
 10785 | D:10     | Bought a scroll of teleportation for 93 gold pieces
 10814 | D:10     | Killed a two-headed ogre
 10815 | D:10     | Reached skill level 12 in Unarmed Combat
 11134 | D:10     | Noticed a wizard
 11146 | D:10     | Killed a wizard
 11205 | D:10     | Learned a level 5 spell: Blade Hands
 11244 | D:10     | Noticed a two-headed ogre
 11270 | D:10     | Killed a two-headed ogre
 11271 | D:10     | Reached skill level 13 in Unarmed Combat
 11271 | D:10     | Reached XP level 11. HP: 67/70 MP: 18/18
 11498 | D:11     | Noticed a two-headed ogre
 11567 | D:9      | Noticed a tengu warrior
 11586 | D:9      | Found a transporter.
 11928 | D:9      | Found a transporter.
 12249 | D:8      | Killed Maggie
 13476 | D:6      | Reached skill level 14 in Unarmed Combat
 13637 | D:6      | Killed a two-headed ogre
 14302 | D:11     | Demolished by a two-headed ogre

Illustrated notes

Levels and vault maps discovered:
D:1:      ldierk_walled_garden, layout_loops_cross
D:2:      layout_rooms, shapermc_ecumenical_altar_mp_vishouse, serial_shops,
          shop, uniq_crazy_yiuf_cottage, uniq_sigmund
D:3:      layout_basic, serial_shops, nicolae_shop_waterfront, shop
D:4:      layout_basic
D:5:      layout_loops_ring
D:6:      minmay_chambers_of_threes, layout_cave_pods, temple_green
D:7:      layout_basic, grunt_ogre_cave
D:8:      layout_layer_cave, minitemple, uniq_maggie
D:9:      layout_stronghold, gammafunk_ghost_wrathful_warriors, uniq_grum
D:10:     layout_loops_ring, serial_shops, nicolae_inconvenience_store,
          minmay_librarian
D:11:     layout_cave_pools, minmay_lair_entry_lava, kennysheep_orc_sif_temple
Temple:   hellmonk_temple_of_storms

Skill      XL: |  1  2  3  4  5  6  7  8  9 10 11 |
---------------+----------------------------------+-----
Unarmed Combat | 4 5 6 7 8 9 10 13 14 | 14.4
Transmutations | 3 5 10 12 | 12.6
Dodging        | 7 |  7.1
Spellcasting   | 3 5 |  5.2
Fighting       | |  1.1
Poison Magic   | |  0.3

Action                   |  1- 3 |  4- 6 |  7- 9 | 10-12 || total
-------------------------+-------+-------+-------+-------++-------
Melee: Unarmed           |   112 |    95 |   234 |   259 ||   700
       Headbutt          |     6 |       |       |       ||     6
       Punch             |     3 |     3 |     3 |     8 ||    17
       Tailslap          |       |       |       |     2 ||     2
Throw: Dart              |       |     1 |       |     3 ||     4
 Cast: Beastly Appendage |     6 |       |       |       ||     6
       Spider Form       |       |     8 |    20 |    15 ||    43
       Ice Form          |       |       |     3 |     1 ||     4
       Blade Hands       |       |       |       |    11 ||    11
Invok: Lunge             |       |       |    12 |    16 ||    28
       Whirlwind         |       |       |       |    19 ||    19
 Abil: End Transformatio |       |       |       |     1 ||     1
Evoke: Wand              |       |       |       |    17 ||    17
  Use: Potion            |       |     2 |     1 |       ||     3
       Scroll            |       |       |     3 |     3 ||     6
 Stab: Sleeping          |     2 |     1 |     1 |       ||     4
       Paralysed         |       |       |       |     4 ||     4
Armor: Robe              |    28 |     7 |     3 |    21 ||    59
       Skin              |       |     1 |     9 |     3 ||    13
Dodge: Dodged            |    75 |    58 |   142 |   175 ||   450

Table legend: (Time is in decaauts)
 A = Elapsed time spent in this place.
 B = Non-inter-level travel time spent in this place.
 C = Inter-level travel time spent in this place.
 D = Time resting spent in this place.
 E = Time spent auto-exploring this place.
 F = Levels seen in this place.
 G = Mean time per level.
                   A        B        C        D        E       F      G
               +--------+--------+--------+--------+--------+-----+--------+
         Total |  14202 |  12881 |   1321 |   2723 |   7599 |  12 | 1183.5 |
       Dungeon |  14131 |  12830 |   1301 |   2723 |   7570 |  11 | 1284.6 |
        Temple |     70 |     50 |     20 |      0 |     29 |   1 |   70.0 |
               +--------+--------+--------+--------+--------+-----+--------+

Top non-repeatable levels by time:
     D:5: 2078 daAuts
     D:6: 1877 daAuts
     D:9: 1778 daAuts
     D:8: 1674 daAuts
     D:4: 1326 daAuts
     D:3: 1319 daAuts
    D:10: 1258 daAuts
     D:7: 1169 daAuts
     D:1: 921 daAuts
     D:2: 719 daAuts
  Temple: 70 daAuts
    D:11: 7 daAuts
